 Dungeon Crawl Stone Soup version 0.22.1-1-ga44c0e5 (webtiles) character file.

319 Folque the Conjurer (level 6, 0/41 HPs)
             Began as an Octopode Wizard on Oct 10, 2018.
             Killed from afar by an orc wizard (6 damage)
             ... with a puff of flame
             ... on level 4 of the Dungeon.
             The game lasted 00:09:46 (2656 turns).

Folque the Conjurer (Octopode Wizard)               Turns: 2656, Time: 00:09:46

Health: 0/41       AC:  1    Str:  6    XL:     6   Next: 46%
Magic:  2/12       EV: 13    Int: 22    God:
Gold:   152        SH:  0    Dex: 11    Spells: 0/13 levels left

rFire    . . .     SeeInvis .   o - +0 flail
rCold    . . .     Gourm    .   (no shield)
rNeg     . . .     Faith    .   a - +0 hat
rPois    .         Spirit   .   (no amulet)
rElec    .         Reflect  .   (no ring)
rCorr    .         Harm     .   (no ring)
MR       .....                  (no ring)
Stlth    +++.......             (no ring)
HPRegen  0.13/turn              (no ring)
MPRegen  0.13/turn              (no ring)
                                (no ring)
                                (no ring)

@: no status effects
A: almost no armour, stealthy swim, amphibious, 8 rings, constrict 8, camouflage
1, gelatinous body 1
a: no special abilities


You were on level 4 of the Dungeon.
You were not hungry.

You visited 1 branch of the dungeon, and saw 4 of its levels.

You collected 152 gold pieces.

Inventory:

Hand Weapons
 d - a +0 dagger
 f - a +0 hunting sling
 l - a +0 spear
 o - a +0 flail (weapon)
 p - a +0 halberd
Missiles
 g - 68 stones (quivered)
Armour
 a - a +0 hat (worn)
 e - a +0 shield
Jewellery
 j - a cursed -2 ring of evasion {unknown}
Scrolls
 b - 2 scrolls of amnesia {unknown}
 i - 2 scrolls of enchant armour {unknown}
 q - a scroll of random uselessness {unknown}
Potions
 h - a potion of invisibility {unknown}
 k - 2 potions of flight {unknown}
 m - a potion of magic {unknown}
Comestibles
 c - 4 rations
 n - 2 chunks of flesh


   Skills:
 + Level 2.7 Fighting
 * Level 2.0 Dodging
 + Level 2.9 Stealth
 - Level 4.0 Spellcasting
 + Level 4.0 Conjurations
 + Level 0.0 Hexes
 - Level 1.0 Summonings
 - Level 1.0 Translocations
 - Level 1.0 Air Magic
 - Level 2.0 Poison Magic


You couldn't memorise any spells.
You knew the following spells:

 Your Spells              Type           Power        Failure   Level  Hunger
a - Magic Dart            Conj           ###.         2%          1    None
b - Call Imp              Summ           #.......     11%         2    #......
c - Blink                 Tloc           N/A          11%         2    #......
d - Mephitic Cloud        Conj/Pois/Air  ##......     13%         3    ###....
e - Conjure Flame         Conj/Fire      ##......     14%         3    ###....
f - Slow                  Hex            #.......     17%         2    #......

Your spell library contained the following spells:

 Spells                   Type           Power        Failure   Level  Hunger


Dungeon Overview and Level Annotations

Branches:
Dungeon (4/15)
 Temple: D:4-7

Altars:
Sif Muna
Uskayaw


Innate Abilities, Weirdness & Mutations

You cannot wear most types of armour.
You are very stealthy in the water. (Stealth+)
You are amphibious.
You can wear up to eight rings at the same time.
You can use your tentacles to constrict eight enemies at once.
Your skin changes colour to match your surroundings (Stealth+).
Your rubbery body absorbs attacks. (AC +1, EV +1)


Message History

Deactivating autopickup; reactivate with Ctrl-A.
You barely miss something. Something hits you but does no damage.
You barely miss something.
You hear some strange, mumbled words.
A puff of frost appears from out of thin air!
The puff of frost hits you!
* * * LOW HITPOINT WARNING * * *
Something hits you.
* * * LOW HITPOINT WARNING * * *
You swap places.
What are your orders? t - Shout!
Orders for allies: a - Attack new target. r - Retreat! s - Stop attacking. g - Guard the area. f - Follow me.
Anything else - Cancel.
Guard this area!
Something hits your crimson imp.
A puff of flame appears from out of thin air!
The puff of flame hits you!
You die...

#.# #.## ........
#.# #.# .#.#.#. #.#
#.# ..... #.# #.#
#.#.# #.# #.#
#...##### #.#
#.#####........ #.#
#.##.....##.# #.#
#.##...#..#.# #.#
#.#..@###..W# #.#
#.#....#(.#.# #.#
#.#..#...##.# #.#
#....##.###.# #.#
##...##....W#
#.#######...#####..#
#..................#
#########...#####..#
#..........#


There were no monsters in sight!

Vanquished Creatures
  A big kobold (D:2)
  2 hounds (D:4)
  A gnoll shaman (D:4)
  An iguana (D:4)
  A worker ant (D:4)
  2 gnolls (D:4)
  2 adders
  A worm (D:2)
  2 dart slugs
  2 leopard geckos (D:1)
  4 orcs (D:4)
  5 giant cockroaches
  5 goblins
  2 hobgoblins
  2 jackals (D:2)
  A quokka (D:3)
  2 ball pythons (D:4)
  5 bats
  2 frilled lizards (D:1)
  3 kobolds
  6 rats
52 creatures vanquished.

Vanquished Creatures (collateral kills)
  An iguana (D:4)
  A worker ant (D:4)
  2 adders
  3 gnolls (D:4)
  A worm (D:4)
  A leopard gecko (D:4)
  2 orcs (D:4)
  2 jackals
  A frilled lizard (D:4)
  A leopard gecko skeleton (D:4)
15 creatures vanquished.

Grand Total: 67 creatures vanquished

Notes
Turn   | Place    | Note
-------+----------+-------------------------------------------
     0 | D:1      | Folque the Octopode Wizard began the quest for the Orb.
     0 | D:1      | Reached XP level 1. HP: 11/11 MP: 4/4
   140 | D:1      | Reached skill level 1 in Fighting
   140 | D:1      | Reached XP level 2. HP: 18/18 MP: 6/6
   659 | D:2      | Reached XP level 3. HP: 19/23 MP: 5/7
   663 | D:2      | Learned a level 2 spell: Call Imp
   666 | D:2      | Learned a level 2 spell: Blink
   701 | D:2      | You fall through a shaft!
  1185 | D:2      | Noticed a big kobold
  1220 | D:2      | Killed a big kobold
  1220 | D:2      | Reached XP level 4. HP: 14/30 MP: 4/9
  1225 | D:2      | Learned a level 3 spell: Mephitic Cloud
  1339 | D:2      | Reached XP level 5. HP: 25/35 MP: 10/10
  1880 | D:3      | Found a deep blue altar of Sif Muna.
  1902 | D:3      | Found a hide-covered altar of Uskayaw.
  1979 | D:4      | Reached skill level 1 in Poison Magic
  2299 | D:4      | Reached XP level 6. HP: 41/41 MP: 11/11
  2354 | D:4      | Reached skill level 1 in Air Magic
  2544 | D:4      | Noticed a phantom
  2608 | D:4      | Learned a level 3 spell: Conjure Flame
  2611 | D:4      | Learned a level 2 spell: Slow
  2656 | D:4      | Killed from afar by an orc wizard

Skill      XL: |  1  2  3  4  5  6 |
---------------+-------------------+-----
Fighting       | 1 2 |  2.7
Conjurations   | 2 3 4 |  4.0
Poison Magic   | 2 |  2.0
Air Magic      | 1 |  1.0
Spellcasting   | 4 |  4.0
Dodging        | |  2.0
Stealth        | |  2.9
Summonings     | |  1.0
Translocations | |  1.0

Action                   |  1- 3 |  4- 6 || total
-------------------------+-------+-------++-------
Melee: Unarmed           |    18 |       ||    18
       Dagger            |    85 |    59 ||   144
       Constrict         |    20 |    20 ||    40
       Tentacles         |    13 |    15 ||    28
       Flail             |       |    24 ||    24
 Cast: Magic Dart        |     2 |     6 ||     8
       Call Imp          |     3 |    19 ||    22
       Mephitic Cloud    |       |     4 ||     4
  Use: Scroll            |     1 |       ||     1
       Potion            |     2 |       ||     2
 Stab: Sleeping          |     8 |     6 ||    14
       Confused          |       |     1 ||     1
  Eat: Chunk             |     1 |     5 ||     6
Armor: Skin              |    11 |     8 ||    19
Dodge: Dodged            |    77 |    56 ||   133
